 Dungeon Crawl Stone Soup version 0.30-a0-859-gf88a04b62d (webtiles) character file.

Game seed: 7711745878244144732

171 Zenkrye the Poker (level 5, 0/41 HPs)
             Began as a Human Cinder Acolyte on Mar 6, 2023.
             Was a High Priest of Ignis.
             Slain by Crazy Yiuf
             ... wielding a +4 quarterstaff of chaos
              (3 damage)
             ... on level 3 of the Dungeon.
             The game lasted 00:05:42 (2551 turns).

Zenkrye the Poker (Human Cinder Acolyte)            Turns: 2551, Time: 00:05:43

Health: 0/41       AC:  5    Str: 16    XL:     5   Next: 81%
Magic:  4/6        EV:  9    Int: 15    God:    Ignis [*****.]
Gold:   93         SH:  2    Dex:  8    Spells: 3/6 levels left

rFire   + + .      SeeInvis .    g - +0 spear (heavy)
rCold   + . .      Faith    .    e - +0 buckler
rNeg    . . .      Spirit   .    o - +0 ring mail
rPois   +          Reflect  .    (no helmet)
rElec   +          Rampage  .    (no cloak)
rCorr   +                        (no gloves)
Will    .....                    (no boots) Stlth
                                 (no amulet)
HPRegen 0.26/turn                (no ring)
MPRegen 0.10/turn                (no ring)

@: resistant, invisible
A: no striking features
a: Renounce Religion, Fiery Armour, Foxfire Swarm, Rising Flame


You were on level 3 of the Dungeon.
You worshipped Ignis.
Ignis was extremely pleased with you.
You visited 1 branch of the dungeon, and saw 4 of its levels.

You collected 93 gold pieces.

Inventory:

Hand Weapons
 a - a +0 spear of flaming
 g - a +0 heavy spear (weapon)
Missiles
 c - 2 poisoned darts (quivered)
Armour
 b - a +0 robe
 e - a +0 buckler (worn)
 j - a +0 leather armour
 o - a +0 ring mail (worn)
Magical Staves
 l - a staff of cold
Scrolls
 k - a scroll of enchant weapon
Potions
 h - a potion of cancellation {unknown}
 i - a potion of curing {unknown}
 p - a potion of mutation


   Skills:
 - Level 3.0 Fighting
 + Level 6.0 Polearms
 - Level 1.0 Spellcasting
 - Level 3.0 Fire Magic


You had 3 spell levels left.
You knew the following spells:

 Your Spells              Type           Power      Damage    Failure   Level
a - Scorch                Fire           18%        2d5       28%         2
p - Apportation           Tloc           0%         N/A       54%         1

Your spell library contained the following spells:

 Spells                   Type           Power      Damage    Failure   Level
 Necrotise                Necr           0%         1d4       54%         1
 Summon Small Mammal      Summ           0%         N/A       54%         1
 Summon Guardian Golem    Hex/Summ       0%         N/A       89%         3
 Orb of Destruction       Conj           0%         9d5       100%        7
 Spellforged Servitor     Conj/Summ      0%         N/A       100%        7


Dungeon Overview and Level Annotations

Branches:
Dungeon (4/15)
 Temple: D:4-7

Altars:
Elyvilon
Makhleb
Wu Jian
Yredelemnul
Zin

Shops:
D:1 (

Annotations:
D:3 Crazy Yiuf
D:4 Ijyb


Message History

Found a stone staircase leading down.
A ball python comes into view.
The ball python hisses angrily.
Found 2 stones.
You closely miss the ball python. The ball python barely misses you.
The ball python closely misses you.
You hit the ball python.
You kill the ball python!
No target in view!
No target in view!
You now have 93 gold pieces (gained 6).
You see here a +0 club.
Found a hammer.
Found a runed translucent door.
Crazy Yiuf shouts!
Unknown command.
Unknown command.
Unknown command.
Unknown command.
Okay, then.
Unknown command.
You fade into invisibility!
You open the door. You puncture Crazy Yiuf!
Crazy Yiuf is heavily wounded.
Crazy Yiuf hits you with a +4 quarterstaff of chaos!
Crazy Yiuf draws strength from your wounds!
Crazy Yiuf hits you with a +4 quarterstaff of chaos!
You feel protected.
You are too injured to fight recklessly!
You are too injured to fight recklessly!
You are too injured to fight recklessly!
Casting: Scorch (dangerous; 28% risk of failure)
Confirm with . or Enter, or press ? or * to list all spells.
Flames lash Crazy Yiuf.
Crazy Yiuf is heavily wounded.
Crazy Yiuf's fire resistance burns away.
Crazy Yiuf hits you with a +4 quarterstaff of chaos!
* * * LOW HITPOINT WARNING * * *
Crazy Yiuf freezes you.
You die...

#.......#
######..####....#######
####.#### #....# #....#
# #.# #....# ##.### #
#.# ###..# #.# # #.#
#.## #.# # #<# ##.# #.#
# #.####### #.## #.#
### #.......# ##.#
##.#######.. #########
#@## #..##....... #g#
###...####.. ... #.###
#.. #...# #.# #.. #)..#
#.# ##. ##### #.# #.
#.### ## #...# ## ###.#
#.


You could see Crazy Yiuf (unable to see you, combustible).

Vanquished Creatures
  A phantom (D:3)
  A hound (D:3)
  An adder (D:2)
  A worm (D:2)
  2 bats (D:2)
  6 endoplasms
  4 giant cockroaches
  8 hobgoblins
  3 quokkas
  3 ball pythons
  3 frilled lizards
  6 goblins
  10 kobolds
  6 rats
55 creatures vanquished.

Vanquished Creatures (others)
  2 plants (D:2)
2 creatures vanquished.

Grand Total: 57 creatures vanquished

Notes
Turn   | Place    | Note
-------+----------+-------------------------------------------
     0 | D:1      | Zenkrye the Human Cinder Acolyte began the quest for the
                  | Orb.
     0 | D:1      | Reached XP level 1. HP: 18/18 MP: 2/2
   111 | D:1      | Reached XP level 2. HP: 24/24 MP: 3/3
   118 | D:1      | Learned a level 2 spell: Scorch
   363 | D:1      | Found Ezuysuc's Antique Weapon Boutique.
   529 | D:1      | Reached skill level 4 in Polearms
   529 | D:1      | Reached XP level 3. HP: 29/29 MP: 4/4
  1255 | D:2      | You fall into a shaft and drop 1 floor!
  1294 | D:2      | Reached XP level 4. HP: 35/35 MP: 2/5
  1795 | D:3      | Learned a level 1 spell: Apportation
  1827 | D:3      | Found an ornate altar of the Wu Jian Council.
  1829 | D:3      | Found a white marble altar of Elyvilon.
  1830 | D:3      | Found a burning altar of Makhleb.
  1831 | D:3      | Found a basalt altar of Yredelemnul.
  1873 | D:3      | Found a glowing silver altar of Zin.
  2066 | D:3      | Noticed a phantom
  2137 | D:4      | Noticed a phantom
  2139 | D:4      | Noticed Ijyb
  2143 | D:3      | Reached skill level 5 in Polearms
  2143 | D:3      | Reached XP level 5. HP: 34/41 MP: 6/6
  2352 | D:3      | Killed a phantom
  2353 | D:3      | Reached skill level 6 in Polearms
  2544 | D:3      | Found a runed translucent door.
  2545 | D:3      | Noticed Crazy Yiuf
  2551 | D:3      | Slain by Crazy Yiuf

Illustrated notes

Levels and vault maps discovered:
D:1:      heliophobic_arrival_glass_houses, layout_basic, serial_shops,
          nicolae_shop_overgrown_old_shop
D:2:      layout_basic, serial_forest, infiniplex_forest_lined_ring,
          infiniplex_forest_straight_3, infiniplex_forest_end_3,
          infiniplex_forest_lined_4_way, infiniplex_forest_straight_4,
          infiniplex_forest_join, infiniplex_forest_end_2
D:3:      layout_loops_cross, grunt_temple_overflow_open, minivault_19,
          uniq_crazy_yiuf_cottage
D:4:      layout_gridville, uniq_grinder, uniq_ijyb, uniq_edmund, uniq_duvessa

Skill      XL: |  1  2  3  4  5 |
---------------+----------------+-----
Polearms       | 4 5 6 |  6.0
Fighting       | |  3.0
Spellcasting   | |  1.0
Fire Magic     | |  3.0

Action                     |  1- 3 |  4- 6 || total
---------------------------+-------+-------++-------
  Melee: Spear             |   109 |    70 ||   179
  Throw: Dart              |    10 |     1 ||    11
   Cast: Scorch            |     1 |     4 ||     5
    Use: Scroll            |     3 |     4 ||     7
         Potion            |       |     2 ||     2
   Stab: Sleeping          |     1 |       ||     1
 Armour: Robe              |     5 |       ||     5
         Leather armour    |     3 |     1 ||     4
         Ring mail         |       |    25 ||    25
  Dodge: Dodged            |    37 |    39 ||    76
  Block: Buckler           |       |     7 ||     7

Table legend: (Time is in decaauts)
 A = Elapsed time spent in this place.
 B = Non-inter-level travel time spent in this place.
 C = Inter-level travel time spent in this place.
 D = Time resting spent in this place.
 E = Time spent auto-exploring this place.
 F = Levels seen in this place.
 G = Mean time per level.
                   A        B        C        D        E       F      G
               +--------+--------+--------+--------+--------+-----+--------+
         Total |   2561 |   2459 |    102 |     45 |   1885 |   4 |  640.2 |
       Dungeon |   2561 |   2459 |    102 |     45 |   1885 |   4 |  640.2 |
               +--------+--------+--------+--------+--------+-----+--------+

Top non-repeatable levels by time:
     D:1: 991 daAuts
     D:3: 830 daAuts
     D:2: 731 daAuts
     D:4: 7 daAuts
